 Dungeon Crawl Stone Soup version 0.24-a0-652-g46ecf6da75 (webtiles) character file.

Game seed: 9234630020276084844, levelgen mode: deterministic

482 Gargoyl the Skirmisher (level 6, -4/52 HPs)
             Began as a Centaur Abyssal Knight on Sept 26, 2019.
             Was a Priest of Lugonu.
             Slain by a leopard gecko (5 damage)
             ... on level 4 of the Dungeon.
             The game lasted 00:07:25 (4746 turns).

Gargoyl the Skirmisher (Centaur Abyssal Knight)     Turns: 4746, Time: 00:07:26

Health: -4/52      AC:  6    Str: 15    XL:     6   Next: 87%
Magic:  8/8        EV: 10    Int: 11    God:    Lugonu [***...]
Gold:   156        SH:  0    Dex: 10    Spells: 5/5 levels left

rFire    + . .     SeeInvis .   a - +1 hand axe
rCold    + . .     Gourm    .   (no shield)
rNeg     . . .     Faith    .   e - +2 robe {rC+ rF+}
rPois    .         Spirit   .   (no helmet)
rElec    .         Reflect  .   (no cloak)
rCorr    .         Harm     .   (no gloves)
MR       .....                  (no barding)
Stlth    +.........             (no amulet)
HPRegen  0.17/turn              (no ring)
MPRegen  0.11/turn              (no ring)

@: very quick
A: large, hooves 3, deformed body, speed 2, tough skin 3
a: Depart the Abyss, Bend Space, Banish, Renounce Religion


You were on level 4 of the Dungeon.
You worshipped Lugonu.
Lugonu was most pleased with you.
You were not hungry.

You visited 1 branch of the dungeon, and saw 4 of its levels.
You visited the Abyss 1 time.
You also visited: Sewer.

You collected 156 gold pieces.

Inventory:

Hand Weapons
 a - a +1 hand axe (weapon)
Armour
 e - a +2 robe of resistance (worn)
Wands
 r - a wand of random effects (17)
Scrolls
 d - 4 scrolls of teleportation
 f - 6 scrolls of identify
 g - a scroll of remove curse
 i - a scroll of magic mapping
 l - 2 scrolls of fear
 q - a scroll of immolation {unknown}
Potions
 b - a potion of invisibility
 h - 4 potions of heal wounds
 j - 2 potions of brilliance {unknown}
 k - 3 potions of might {unknown}
 m - a potion of curing {unknown}
 n - a potion of haste
 o - a potion of agility {unknown}
 p - a potion of flight {unknown}
Comestibles
 c - 8 rations


   Skills:
 + Level 4.0 Fighting
 + Level 3.8 Axes
 * Level 2.3 Armour
 * Level 3.1 Dodging
 * Level 3.3 Invocations


You had 5 spell levels left.
You didn't know any spells.
Your spell library was empty.

Dungeon Overview and Level Annotations

Branches:
Dungeon (4/15)             Temple (0/1) D:4           Sewer (visited)

Altars:
Dithmenos
Elyvilon
Trog
Yredelemnul
Zin
The Shining One

Shops:
D:4 (


Innate Abilities, Weirdness & Mutations

You have hooves in place of feet.
Armour fits poorly on your strangely shaped body.
You cover ground very quickly.
You have extremely tough skin. (AC +3)


Message History

This raw flesh tastes terrible.
An ogre comes into view. It is wielding a +0 giant spiked club.
The ogre shouts!
A leopard gecko comes into view.
The leopard gecko hisses angrily.
You hit the ogre.
The ogre is lightly wounded.
The ogre hits you with a +0 giant spiked club!!
You hit the ogre.
The ogre is moderately wounded.
The ogre barely misses you.
You hit the ogre. Your kick misses the ogre.
The ogre is moderately wounded.
You slash the ogre!
The ogre is heavily wounded.
The ogre hits you with a +0 giant spiked club!!
Ouch! That really hurt!
* * * LOW HITPOINT WARNING * * *
The leopard gecko bites you.
You die...

.....#....#...'.#,,,*,***,*,*,,,,
.....#...######.#,****,*,,*,*,,,,
.....###+#......#,,,*,***,*,*,,,,
.....#,,,#......##,*,*,*,,*,**,,,
.....#,,,#.......#####***,*,**,,,
.....#,,,#...........#,,,,,,+,,,,
.....#,,,#...........#,,,,,,*,,,,
,,,,,*,,,#.....l.....#,,,,,,*,,,,
,,,,,',..#.....O@....############
,,,,,*,..'.....#####.............
,,,,,*,..#.....# #.............
,,,,,*,,,#.....# #.....รท.......
,,,,,*,,,#.....# #.............
,,,,,*,,,#.....#####.............
,,,,,*,,,#.....#...##########....
,,,,,*,,,+l....#............#....
,,,,,****#.....#............#....


You could see an ogre and a leopard gecko.

Vanquished Creatures
  A big kobold (Sewer)
  A bullfrog (D:4)
  2 scorpions (D:4)
  2 bullfrog skeletons (D:4)
  A worker ant (D:4)
  4 adders
  2 river rats (D:4)
  3 worms
  A dart slug (D:1)
  15 orcs
  A giant cockroach (D:2)
  5 goblins
  5 hobgoblins
  6 jackals
  2 quokkas
  5 ball pythons
  9 bats
  5 frilled lizards
  17 kobolds
  12 rats
  A spectral orc (D:3)
100 creatures vanquished.

Notes
Turn   | Place    | Note
-------+----------+-------------------------------------------
     0 | Abyss:1  | Gargoyl the Centaur Abyssal Knight began the quest for the
                  | Orb.
     0 | Abyss:1  | Reached XP level 1. HP: 19/19 MP: 2/2
    50 | Abyss:2  | Found a blossoming altar of Fedhas.
    65 | Abyss:2  | Noticed an ancient zyme
   108 | Abyss:3  | Noticed a black mamba simulacrum
   143 | Abyss:3  | Noticed a thrashing horror
   145 | D:1      | Escaped the Abyss
   518 | D:1      | Reached XP level 2. HP: 26/26 MP: 3/3
   530 | D:1      | Reached * piety under Lugonu
   944 | D:2      | Found a bloodstained altar of Trog.
   949 | D:2      | Reached skill level 1 in Dodging
  1032 | D:2      | Reached XP level 3. HP: 20/31 MP: 4/4
  1177 | D:2      | Found a shadowy altar of Dithmenos.
  2106 | D:3      | Found a glowing golden altar of the Shining One.
  2221 | D:3      | Found a white marble altar of Elyvilon.
  2222 | D:3      | Found a glowing silver altar of Zin.
  2255 | D:3      | Reached XP level 4. HP: 34/39 MP: 5/5
  2294 | D:3      | Reached ** piety under Lugonu
  2611 | D:3      | Found a basalt altar of Yredelemnul.
  2992 | D:4      | Reached XP level 5. HP: 44/46 MP: 5/7
  2995 | D:4      | Found a staircase to the Ecumenical Temple.
  3124 | D:4      | Reached XP level 6. HP: 20/52 MP: 8/8
  3344 | D:4      | Found Pageargh's Antique Weapon Boutique.
  3411 | D:4      | Found a glowing drain.
  3435 | Sewer    | Entered a sewer
  3637 | Sewer    | Reached *** piety under Lugonu
  4414 | D:4      | Reached skill level 4 in Fighting
  4746 | D:4      | HP: 1/52 [ogre/+0 giant spiked club (34)]
  4746 | D:4      | Slain by a leopard gecko

Levels and vault maps discovered:
D:1:      lemuel_arrival_room, layout_loops_ring
D:2:      layout_basic, overflow_temple_1_default,
          nicolae_dithmenos_shadow_blocks
D:3:      layout_loops_ring, good_gods_mini_temple,
          yredelemnul_forgotten_temple_becter, first_ration
D:4:      layout_gridville, nicolae_overflow_hidden_temple,
          minmay_temple_entry_junction_2, serial_shops, shop,
          portal_sewer_entry_b, minmay_misc_feat_diagonals, minmay_small_thing

Skill      XL: |  1  2  3  4  5  6 |
---------------+-------------------+-----
Axes           | 2 3 |  3.8
Dodging        | 1 2 3 |  3.1
Armour         | 2 |  2.3
Invocations    | 3 |  3.3
Fighting       | 4 |  4.0

Action                   |  1- 3 |  4- 6 || total
-------------------------+-------+-------++-------
Melee: Hand axe          |   127 |   187 ||   314
       Kick              |    15 |    42 ||    57
Invok: Depart the Abyss  |     1 |       ||     1
  Use: Scroll            |     9 |     3 ||    12
       Potion            |       |     4 ||     4
  Eat: Chunk             |     2 |     8 ||    10
Armor: Robe              |    64 |    89 ||   153
       Skin              |       |    58 ||    58
Dodge: Dodged            |    84 |   151 ||   235

Table legend:
 A = Non-vault XP
 B = Vault XP
 C = Vault XP percentage of total XP
 D = Non-vault monster count
 E = Vault monster count
 F = Vault count percentage of total count
                 A         B        C        D         E       F
            +---------+---------+-------+---------+---------+-------
      Total |     511 |     178 |  25.8 |      69 |      31 |  31.0
            +---------+---------+-------+---------+---------+-------
        D:1 |      16 |       0 |   0.0 |       9 |       0 |   0.0
        D:2 |      40 |       0 |   0.0 |      14 |       0 |   0.0
        D:3 |      74 |       1 |   1.3 |      30 |       1 |   3.2
        D:4 |     381 |      34 |   8.2 |      16 |       6 |  27.3
      Sewer |       0 |     143 | 100.0 |       0 |      24 | 100.0
            +---------+---------+-------+---------+---------+-------
